 Dungeon Crawl Stone Soup version 0.27.1-3-gb3d3a73c9e (webtiles) character file.

Game seed: 358602258405315982

429 Cykl0x the Covered (level 6, -7/53 HPs)
             Began as a Minotaur Fighter on Oct 29, 2021.
             Mangled by Pikel (19 damage)
             ... on level 4 of the Dungeon.
             The game lasted 00:04:51 (3432 turns).

Cykl0x the Covered (Minotaur Fighter)               Turns: 3432, Time: 00:04:53

Health: -7/53      AC: 11    Str: 22    XL:     6   Next: 66%
Magic:  5/5        EV:  7    Int:  5    God:
Gold:   126        SH: 10    Dex: 12    Spells: 5/5 levels left

rFire    . . .     SeeInvis .   a - +1 long sword
rCold    . . .     Faith    .   c - +0 kite shield
rNeg     . . .     Spirit   .   j - +0 chain mail
rPois    +         Reflect  .   (helmet restricted)
rElec    .         Harm     .   (no cloak)
rCorr    .         Rampage  .   (no gloves)
Will     +....                  (no boots)
Stlth    ..........             (no amulet)
HPRegen  0.17/turn              g - ring of willpower
MPRegen  0.09/turn              d - ring of poison resistance

@: no status effects
A: horns 2, retaliatory headbutt, iridescent scales 1, agile 1, screaming 1
a: no special abilities


You were on level 4 of the Dungeon.
You visited 1 branch of the dungeon, and saw 4 of its levels.

You collected 126 gold pieces.

Inventory:

Hand Weapons
 a - a +1 long sword (weapon)
Missiles
 e - 63 stones (quivered)
Armour
 b - a +0 scale mail
 c - a +0 kite shield (worn)
 j - a +0 chain mail (worn)
Jewellery
 d - a ring of poison resistance (right hand)
 g - a ring of willpower (left hand)
 h - a ring of willpower
Wands
 f - a wand of paralysis (8)
Scrolls
 k - a scroll of enchant weapon
 l - a scroll of amnesia


   Skills:
 + Level 4.5 Fighting
 + Level 4.2 Long Blades
 + Level 1.3 Throwing
 + Level 5.4 Armour
 * Level 2.9 Dodging
 + Level 5.0 Shields
 + Level 1.0 Evocations


You had 5 spell levels left.
You didn't know any spells.
Your spell library was empty.

Dungeon Overview and Level Annotations

Branches:
Dungeon (4/15)
 Temple: D:4-7

Altars:
Ru

Annotations:
D:4 Eustachio, Pikel


Innate Abilities, Weirdness & Mutations

You have a pair of horns on your head.
You reflexively headbutt those who attack you in melee.
You are partially covered in iridescent scales. (AC +2)
You are agile. (Dex +2)
You occasionally shout uncontrollably at your foes.


Message History

You fly up into the air.
You block the gnoll's attack. You block the phantom's attack.
You block the gnoll's attack. You block the gnoll's attack.
There is an open door here.
Found a dagger.
Found a plate armour.
Unknown command.
You reach down and open the door.
The gnoll hits you with a +0 flail.
There is an open door here.
A goblin comes into view. It is wielding a +0 club.
The goblin shouts!
The gnoll barely misses you.
The goblin throws a stone.
The stone hits you but does no damage.
The goblin throws a stone.
You block the stone.
You are starting to lose your buoyancy.
There is an open door here.
An orc comes into view. It is wielding a +0 mace.
The orc shouts!
You hear a shout!
You float gracefully downwards.
The gnoll hits you with a +0 flail! The lemure hits you!
* * * LOW HITPOINT WARNING * * *
Pikel hits you but does no damage.
Found 27 stones.
Found a sacrificial altar of Ru.
Okay, then.
It was a potion of mutation.
You feel extremely strange.
You feel the urge to shout.
Iridescent scales grow over part of your body.
You feel agile. You block Pikel's attack.
Pikel hits you with a +1 whip of electrocution.
The phantom hits you but does no damage.
You slash the phantom!
The phantom is moderately damaged.
Pikel hits you with a +1 whip of electrocution.
* * * LOW HITPOINT WARNING * * *
You are electrocuted!!
You die...

####################
#...W5g...g.......#.
#..@K5g.5...#####..5
#...##..#.....g.....
#...########.....###
##### #.....#..
#..#..#.. +..#_.+..
########. +..#..'..
#..#..#..


You could see Pikel, a phantom, 3 lemures and 3 gnolls.

Vanquished Creatures
  Sigmund (D:2)
  A hound (D:4)
  A jelly (D:4)
  Jessica (D:3)
  Terence (D:3)
  Natasha (thrice) (D:3)
  2 adders
  An orc (D:3)
  5 ball pythons
  4 bats
  2 endoplasms (D:2)
  4 giant cockroaches
  4 goblins
  7 hobgoblins
  6 quokkas
  6 frilled lizards
  6 kobolds
  4 rats
59 creatures vanquished.

Notes
Turn   | Place    | Note
-------+----------+-------------------------------------------
     0 | D:1      | Cykl0x the Minotaur Fighter began the quest for the Orb.
     0 | D:1      | Reached XP level 1. HP: 19/19 MP: 0/0
   470 | D:1      | Reached skill level 1 in Dodging
   470 | D:1      | Reached XP level 2. HP: 26/27 MP: 1/1
   650 | D:1      | Found a faded altar of an unknown god.
  1313 | D:2      | Noticed Sigmund
  1353 | D:2      | Killed Sigmund
  1354 | D:2      | Reached skill level 1 in Throwing
  1354 | D:2      | Reached XP level 3. HP: 22/34 MP: 2/2
  1354 | D:2      | Reached XP level 4. HP: 26/41 MP: 3/3
  1354 | D:2      | Reached XP level 5. HP: 30/47 MP: 4/4
  2555 | D:3      | Noticed Natasha
  2560 | D:3      | Killed Natasha
  2571 | D:3      | Noticed Natasha
  2575 | D:3      | Killed Natasha
  2576 | D:3      | Reached skill level 5 in Armour
  2576 | D:3      | Reached skill level 5 in Shields
  2576 | D:3      | Reached XP level 6. HP: 32/53 MP: 5/5
  2586 | D:3      | Noticed Natasha
  2600 | D:3      | Killed Natasha
  2947 | D:3      | Noticed Jessica
  2957 | D:3      | Killed Jessica
  2994 | D:3      | Noticed Terence
  3004 | D:3      | Killed Terence
  3163 | D:4      | Reached skill level 1 in Evocations
  3283 | D:4      | Noticed Eustachio
  3349 | D:4      | Noticed Pikel
  3349 | D:4      | Noticed an ice beast
  3407 | D:4      | Found a sacrificial altar of Ru.
  3427 | D:4      | Gained mutation: You occasionally shout uncontrollably at
                  | your foes. [potion of mutation]
  3427 | D:4      | Gained mutation: You are partially covered in iridescent
                  | scales. (AC +2) [potion of mutation]
  3427 | D:4      | Gained mutation: You are agile. (Dex +2) [potion of
                  | mutation]
  3432 | D:4      | Mangled by Pikel

Illustrated notes

Levels and vault maps discovered:
D:1:      dpeg_arrival_prison, layout_basic,
          shapermc_ecumenical_altar_hornbeckon, minmay_misc_feat_hallway,
          palyth_stone_intersect, minmay_misc_feat_five
D:2:      layout_basic, uniq_sigmund
D:3:      layout_basic, uniq_terence, uniq_natasha, uniq_jessica
D:4:      layout_gridville, hangedman_ru_absence, minmay_splitting_lines,
          grunt_decor_junction, uniq_eustachio, uniq_pikel

Skill      XL: |  1  2  3  4  5  6 |
---------------+-------------------+-----
Dodging        | 1 2 |  2.9
Armour         | 4 5 |  5.4
Fighting       | 4 |  4.5
Long Blades    | 3 4 |  4.2
Throwing       | 1 |  1.3
Shields        | 4 5 |  5.0
Evocations     | 1 |  1.0

Action                   |  1- 3 |  4- 6 || total
-------------------------+-------+-------++-------
Melee: Long sword        |    47 |    99 ||   146
       Headbutt          |     6 |    19 ||    25
Throw: Stone             |    19 |    38 ||    57
Evoke: Wand              |       |     3 ||     3
  Use: Scroll            |     2 |     4 ||     6
       Potion            |     1 |     2 ||     3
 Stab: Paralysed         |       |     4 ||     4
Armor: Scale mail        |    23 |    24 ||    47
       Chain mail        |       |    23 ||    23
Dodge: Dodged            |    20 |    39 ||    59
Block: Kite shield       |    22 |    59 ||    81
       Rpst.: Long sword |     4 |    10 ||    14
